 Dungeon Crawl Stone Soup version 0.25.1-9-gc5326a611f (webtiles) character file.

Game seed: 16420350406566797861

27 pokeman the Magician (level 2, -2/16 HPs)
             Began as a Deep Elf Wizard on Dec 26, 2020.
             Slain by Natasha (7 damage)
             ... on level 2 of the Dungeon.
             The game lasted 00:01:25 (1570 turns).

pokeman the Magician (Deep Elf Wizard)              Turns: 1570, Time: 00:01:26

Health: -2/16      AC:  3    Str:  4    XL:     2   Next: 93%
Magic:  2/10       EV: 11    Int: 22    God:
Gold:   75         SH:  0    Dex: 13    Spells: 10/11 levels left

rFire    . . .     SeeInvis .   (no weapon)
rCold    . . .     Gourm    .   (no shield)
rNeg     . . .     Faith    .   c - +0 leather armour (curse)
rPois    .         Spirit   .   b - +0 hat
rElec    .         Reflect  .   (no cloak)
rCorr    .         Harm     .   (no gloves)
MR       .....                  (no boots)
Stlth    ++........             (no amulet)
HPRegen  0.05/turn              (no ring)
MPRegen  0.12/turn              (no ring)

@: very slightly contaminated
A: no striking features
a: no special abilities


You were on level 2 of the Dungeon.
You were not hungry.

You visited 1 branch of the dungeon, and saw 2 of its levels.

You collected 75 gold pieces.

Inventory:

Missiles
 e - 18 bolts
Armour
 b - a +0 hat (worn)
 c - a cursed +0 leather armour (worn)
Scrolls
 f - a scroll of random uselessness {unknown}
 g - a scroll of fear {unknown}
 h - a scroll of noise {unknown}
 k - a scroll of immolation {unknown}
 l - a scroll of identify {unknown}
 m - a scroll of enchant weapon {unknown}
 o - a scroll of remove curse {unknown}
Potions
 a - a potion of magic {unknown}
 j - a potion of stabbing {unknown}
 n - a potion of experience {unknown}
Comestibles
 d - 3 rations


   Skills:
 + Level 0.7 Fighting
 + Level 0.6 Armour
 - Level 2.4 Dodging
 - Level 2.4 Stealth
 * Level 5.0 Spellcasting
 + Level 1.7 Conjurations
   Level 1.1 Summonings
   Level 1.1 Translocations


You had 10 spell levels left.
You knew the following spells:

 Your Spells              Type           Power        Failure   Level  Hunger
a - Magic Dart            Conj           ##..         9%          1    None

Your spell library contained the following spells:

 Spells                   Type           Power        Failure   Level  Hunger
 Blink                    Tloc           N/A          17%         2    None
 Call Imp                 Summ           ##......     17%         2    None
 Slow                     Hex            #.......     26%         2    None
 Conjure Flame            Conj/Fire      #.......     36%         3    ##.....
 Mephitic Cloud           Conj/Pois/Air  #.......     38%         3    ##.....


Dungeon Overview and Level Annotations

Branches:
Dungeon (2/15)

Altars:

Annotations:
D:2 Natasha


Message History

The magic dart hits Natasha.
Natasha is moderately wounded.
Natasha barely misses you.
Casting: Magic Dart (safe; 9% risk of failure)
Confirm with . or Enter, or press ? or * to list all spells.
Aiming: Magic Dart (safe; 9% risk of failure)
Press: ? - help, Shift-Dir - straight line, f/p - Natasha
Aim: Natasha (moderately wounded)
The magic dart hits Natasha.
Natasha is heavily wounded.
Natasha closely misses you.
Casting: Magic Dart (safe; 9% risk of failure)
Confirm with . or Enter, or press ? or * to list all spells.
Aiming: Magic Dart (safe; 9% risk of failure)
Press: ? - help, Shift-Dir - straight line, f/p - Natasha
Aim: Natasha (heavily wounded)
The magic dart hits Natasha.
Natasha is severely wounded.
Natasha claws you!
You die...

.#.#........... #.# #.....
...#.####......####.########.#...
..............................>.#
..#######......####..#.##...#...#
.## .## #....##...#...# .# ....
#.#.......#.... ... .....
####.#..##...#...# #.#
......#....##.##.......# ...
......h@....#..#.....#.. ..#
.###........##.#........ #...
#........##.#...#.#.# #
#........##.##......#
#........##.#####.... .
#........##..# #..## .
.######.####.####..## . #. .#
#.##....## . #..#.#'###


You could see Natasha.

Vanquished Creatures
  A worm (D:2)
  A dart slug (D:1)
  4 bats
  3 giant cockroaches
  4 goblins (D:1)
  2 hobgoblins (D:1)
  2 frilled lizards (D:2)
  2 kobolds
  A rat (D:2)
20 creatures vanquished.

Notes
Turn   | Place    | Note
-------+----------+-------------------------------------------
     0 | D:1      | pokeman the Deep Elf Wizard began the quest for the Orb.
     0 | D:1      | Reached XP level 1. HP: 10/10 MP: 7/7
   262 | D:1      | Reached XP level 2. HP: 16/16 MP: 1/9
  1114 | D:2      | Reached skill level 5 in Spellcasting
  1561 | D:2      | Noticed Natasha
  1570 | D:2      | Slain by Natasha

Illustrated notes

Levels and vault maps discovered:
D:1:      heliophobic_arrival_glass_houses, layout_basic,
          minmay_misc_feat_encased
D:2:      layout_basic, wad_floor_pattern_untrapped, uniq_natasha

Skill      XL: |  1  2 |
---------------+-------+-----
Spellcasting   | 5 |  5.0
Fighting       | |  0.7
Armour         | |  0.6
Dodging        | |  2.4
Stealth        | |  2.4
Conjurations   | |  1.7
Summonings     | |  1.1
Translocations | |  1.1

Action                   || total
-------------------------++-------
 Cast: Magic Dart        ||    59
  Eat: Chunk             ||     2
Armor: Leather armour    ||     1
Dodge: Dodged            ||     9
